 Dungeon Crawl Stone Soup version 0.26.0-16-gc1dbca0489 (webtiles) character file.

Game seed: 6661383107472044771

77 kaeus the Skirmisher (level 4, -2/55 HPs)
             Began as a Demonspawn Berserker on Jan 20, 2021.
             Was a Believer of Trog.
             Killed from afar by an orc wizard (3 damage)
             ... with a puff of flame
             ... on level 3 of the Dungeon.
             The game lasted 00:04:11 (2498 turns).

kaeus the Skirmisher (Demonspawn Berserker)         Turns: 2498, Time: 00:04:12

Health: -2/55      AC:  9    Str: 18    XL:     4   Next: 14%
Magic:  0/4        EV: 11    Int:  9    God:    Trog [**....]
Gold:   135        SH:  0    Dex: 12    Spells: 3/3 levels left

rFire    . . .     SeeInvis .     - Unarmed
rCold    . . .     Faith    .   (no shield)
rNeg     . . .     Spirit   +   g - +2 ring mail {rPois}
rPois    +         Reflect  .   o - +0 hat
rElec    .         Harm     .   j - +1 cloak
rCorr    .         Rampage  .   (no gloves)
Will     .....     Rnd*Tele +   (no boots)
Stlth    ..........             (no amulet)
HPRegen  0.18/turn              i - ring of teleportation (curse)
MPRegen  0.09/turn              (no ring)

@: berserking, slowed
A: antennae 1, magic shield
a: Renounce Religion, Berserk, Trog's Hand


You were on level 3 of the Dungeon.
You worshipped Trog.
Trog was pleased with you.
You visited 1 branch of the dungeon, and saw 3 of its levels.

You collected 135 gold pieces.

Inventory:

Armour
 g - a +2 ring mail of poison resistance (worn)
 j - a +1 cloak (worn)
 l - a scarf of repulsion
 o - a +0 hat (worn)
Jewellery
 i - a cursed ring of teleportation (left hand)
Scrolls
 b - 3 scrolls of identify
 e - 3 scrolls of enchant armour
 h - 2 scrolls of fog
 k - a scroll of magic mapping
 m - a scroll of blinking
 q - a scroll of teleportation
Potions
 a - 2 potions of heal wounds {unknown}
 c - a potion of curing {unknown}
 d - a potion of attraction {unknown}
 f - a potion of lignification {unknown}
 n - a potion of ambrosia {unknown}
 p - a potion of resistance {unknown}


   Skills:
 + Level 3.7 Fighting
 + Level 2.5 Armour
 - Level 2.3 Dodging
 + Level 3.2 Unarmed Combat


You had 3 spell levels left.
You didn't know any spells.
Your spell library was empty.

Dungeon Overview and Level Annotations

Branches:
Dungeon (3/15)

Altars:
Elyvilon
Gozag
Nemelex Xobeh
Qazlal
Ru
Uskayaw


Innate Abilities, Weirdness & Mutations

You have a pair of small antennae on your head.
When hurt, damage is shared between your health and your magic reserves.


Message History

The orc wizard seems to speed up.
The orc hits you from afar with a +0 trident.
* * * LOW HITPOINT WARNING * * *
You hear some strange, mumbled words.
Something tries to affect you, but you resist.
The orc hits you with a +0 hand axe.
* * * LOW HITPOINT WARNING * * *
The hobgoblin barely misses you. The bullfrog closely misses you.
You punch the bullfrog!
The bullfrog is almost dead.
The orc wizard gestures wildly while chanting.
The orc wizard blinks!
The orc barely misses you.
The kobold hits you with a +0 short sword.
* * * LOW HITPOINT WARNING * * *
The orc barely misses you. The bullfrog hits you.
* * * LOW HITPOINT WARNING * * *
You hear some strange, mumbled words.
A puff of flame appears from out of thin air!
The puff of flame hits you.
You die...

......#..............
####.................
#.................
#.............^...
..................
#................. ###
#.......##........
#...#gK.....##........
#...ยง@F..(..# #.$....
#...o{o.o...# #......
#.....o...............
#.....................
#..........$...$......
##....................
#....................
#...............#####


You could see a bullfrog, an orc wizard (fast), 3 orcs, a hobgoblin and a
kobold.

Vanquished Creatures
  3 adders
  An ooze (D:2)
  A dart slug (D:2)
  3 leopard geckos (D:2)
  2 giant cockroaches (D:2)
  6 goblins
  6 hobgoblins
  A quokka (D:2)
  3 bats (D:3)
  3 frilled lizards (D:2)
  5 kobolds
  9 rats
43 creatures vanquished.

Notes
Turn   | Place    | Note
-------+----------+-------------------------------------------
     0 | D:1      | kaeus the Demonspawn Berserker began the quest for the Orb.
     0 | D:1      | Reached XP level 1. HP: 18/18 MP: 1/1
   610 | D:1      | Gained mutation: You have a pair of small antennae on your
                  | head. [demonic ancestry]
   610 | D:1      | Reached XP level 2. HP: 24/24 MP: 2/2
  1329 | D:2      | Gained mutation: When hurt, damage is shared between your
                  | health and your magic reserves. [demonic ancestry]
  1329 | D:2      | Reached XP level 3. HP: 27/29 MP: 3/3
  1447 | D:2      | Found a sparkling altar of Nemelex Xobeh.
  1522 | D:2      | Reached ** piety under Trog
  2052 | D:3      | Found a white marble altar of Elyvilon.
  2304 | D:3      | Found a sacrificial altar of Ru.
  2308 | D:3      | Found a hide-covered altar of Uskayaw.
  2321 | D:3      | Found an opulent altar of Gozag.
  2325 | D:3      | Found a stormy altar of Qazlal.
  2442 | D:3      | Reached XP level 4. HP: 36/36 MP: 4/4
  2487 | D:3      | Noticed a bullfrog
  2498 | D:3      | HP: 1/55 [bullfrog (5)]
  2498 | D:3      | Killed from afar by an orc wizard

Illustrated notes

Levels and vault maps discovered:
D:1:      heliophobic_arrival_glass_houses, layout_loops_ring, nrook_campfire
D:2:      layout_loops_cross, nicolae_overflow_crystal_walls,
          minmay_pentomino_pile
D:3:      layout_basic, minmay_overflow_temple_star_hex

Skill      XL: |  1  2 |
---------------+-------+-----
Armour         | 2 |  2.5
Dodging        | 2 |  2.3
Unarmed Combat | 3 |  3.2
Fighting       | |  3.7

Action                   |  1- 3 |  4- 6 || total
-------------------------+-------+-------++-------
Melee: Unarmed           |   134 |    15 ||   149
       Punch             |     5 |     1 ||     6
Invok: Berserk           |     1 |     1 ||     2
  Use: Scroll            |     6 |       ||     6
Armor: Ring mail         |    54 |    25 ||    79
Dodge: Dodged            |    55 |    26 ||    81
